AoeStats
← Shredded_Pork

Black Forest

507500295Analyzed
4v4 RM · 13d ago on Sep 18, 2026· 40m 25s· 8 players
Game mode
Random Map
Map size
Large (8 player)
Population
200
Speed
Normal
Resources
Standard
Victory
Conquest
Starting age
Dark Age
Ending age
Imperial Age
RankedLock teamsTeams togetherTeam positionsShared explorationLock speedFull tech treeHidden civsTurbo modeCheats
Victory
Defeat
🇫🇮 Teutons · Finland
794
+14
🇮🇹 Armenians · Italy
727
+16
🇫🇮 Franks · Finland
727
+16
🇹🇷 Turks · Türkiye
696
+18
🇨🇳 Chinese · China
793
-18
🇺🇸 Portuguese · United States
736
-16
🇨🇳 Turks · China
719
-15
🇷🇺 Teutons · Russia
703
-15
Shredded_Pork
12:43 Feudal Age
13:15 Double-Bit Axe
14:19 Horse Collar
20:34 Castle Age
19:23 Stone Mining
19:23 Gold Mining
21:59 Bow Saw
21:52 Heavy Plow
33:42 Imperial Age
32:36 Gold Shaft Mining
33:08 Ballistics
33:28 Wheelbarrow
bda5342
16:44 Feudal Age
23:11 Castle Age
24:21 Horse Collar
24:29 Double-Bit Axe
24:37 Gold Mining
24:37 Stone Mining
28:17 Wheelbarrow
28:28 Heavy Plow
31:34 Hand Cart
31:06 Town Watch
32:53 Forging
32:43 Scale Mail Armor
32:49 Scale Barding Armor
32:34 Fletching
32:44 Padded Archer Armor
37:52 Imperial Age
35:25 Town Patrol
36:02 Iron Casting
35:43 Chain Mail Armor
35:48 Chain Barding Armor
35:23 Bodkin Arrow
37:59 Elite Organ Gun
39:01 Conscription
39:46 Arquebus
Apnix
1:23 Loom
15:07 Feudal Age
19:36 Double-Bit Axe
19:33 Horse Collar
19:46 Stone Mining
19:51 Gold Mining
20:36 Man-at-Arms
22:46 Town Watch
25:27 Castle Age
23:54 Town Watch
25:22 Arson
26:04 Pikeman
26:44 Squires
26:32 Gambesons
26:07 Long Swordsman
28:51 Long Swordsman
30:16 Wheelbarrow
37:48 Town Patrol
38:03 Hand Cart
38:46 Forging
38:36 Scale Mail Armor
38:41 Scale Barding Armor
39:24 Fortified Wall
河洛以北
0:28 Loom
15:09 Feudal Age
16:26 Double-Bit Axe
19:59 Castle Age
18:49 Wheelbarrow
19:33 Gold Mining
19:33 Stone Mining
21:12 Bow Saw
22:25 Wheelbarrow
Eemi8
12:10 Feudal Age
12:37 Double-Bit Axe
12:37 Horse Collar
19:05 Castle Age
20:07 Squires
20:22 Bloodlines
20:29 Gold Mining
22:08 Fletching
22:29 Scale Barding Armor
24:19 Pikeman
31:00 Heavy Plow
31:15 Bow Saw
37:58 Imperial Age
38:41 Wheelbarrow
39:45 Chemistry
39:44 Conscription
Pyllynall3
0:28 Loom
17:55 Feudal Age
19:38 Double-Bit Axe
23:43 Gold Mining
28:21 Castle Age
28:02 Stone Mining
29:37 Bow Saw
30:11 Bow Saw
32:22 Wheelbarrow
33:17 Scale Barding Armor
36:59 Hand Cart
bigame
13:29 Feudal Age
19:03 Castle Age
31:32 Imperial Age
28:57 Horse Collar
30:16 Heavy Plow
30:05 Double-Bit Axe
30:13 Gold Mining
31:10 Wheelbarrow
30:59 Bow Saw
31:58 Gold Shaft Mining
31:18 Stone Mining
32:37 Ballistics
33:09 Hand Cart
34:13 Two-Man Saw
35:10 Elite Janissary
36:11 Conscription
38:49 Husbandry
39:00 Bloodlines
CHFSwissMade
13:03 Feudal Age
14:38 Double-Bit Axe
18:19 Castle Age
20:59 Horse Collar
22:26 Heavy Plow
28:44 Fervor
30:04 Padded Archer Armor
29:55 Fletching
30:05 Scale Mail Armor
30:16 Forging
30:34 Sanctity
31:04 Leather Archer Armor
31:19 Gold Mining
31:46 Bow Saw
32:22 Chain Mail Armor
32:03 Bodkin Arrow
31:58 Loom
32:49 Wheelbarrow
32:36 Town Watch
34:01 Iron Casting
37:20 Imperial Age
35:39 Ballistics
35:34 Masonry
36:51 Murder Holes
38:22 Fereters
37:39 Elite Composite Bowman
38:39 Conscription
39:26 Chemistry
39:21 Plate Mail Armor
40:26 Ring Archer Armor
40:59 Blast Furnace
40:02 Bracer
Connection lost

Rejoining the realm…

Still unreachable

The connection could not be restored.

Session expired

The server has moved on; the page needs a fresh start.